[Event "ICC Open 2015"]
[Site "Internet Chess Club"]
[Date "2015.05.30"]
[Round "9"]
[White "CapitalG"]
[Black "Ricardov"]
[Result "0-1"]
[ICCResult "White forfeits on time"]
[WhiteElo "2686"]
[BlackElo "2366"]
[Opening "Sicilian: dragon, Yugoslav attack, 10.O-O-O"]
[ECO "B78"]
[NIC "SI.18"]
[Time "20:26:19"]
[TimeControl "180+0"]

1. e4 c5 2. Nf3 d6 3. d4 cxd4 4. Nxd4 Nf6 5. Nc3 g6 6. Be3 Bg7 7. f3 Nc6 8.
Qd2 O-O 9. Bc4 Bd7 10. O-O-O Rc8 11. Bb3 Ne5 12. h4 h5 13. Kb1 b5 14. Ncxb5
Nc4 15. Bxc4 Rxc4 16. b3 a6 17. Nc3 Rc8 18. Nd5 e6 19. Nxf6+ Qxf6 20. Bh6
Bxh6 21. Qxh6 d5 22. exd5 exd5 23. Qg5 Qd6 24. Rhe1 Rfe8 25. g3 Qc5 26. Qd2
a5 27. Rxe8+ Rxe8 28. Kb2 a4 29. b4 Qd6 30. f4 Bg4 31. Re1 Rb8 32. a3 Bd7
33. Qe3 Re8 34. Qd2 Rc8 35. Re5 Bg4 36. Qe3 Qc7 37. f5 Qd6 38. Re8+ Rxe8 39.
Qxe8+ Kg7 40. fxg6 fxg6 41. Qe3 Qf6 42. Qc3 Kh7 43. b5 Bd7 44. Nc6 d4 45.
Qxd4 Qf7 46. Ne5 Qf6 47. Qxd7+ Kg8 48. Qd5+ Kh7 49. Qd4 Kg7 50. Qd7+ Kh6 51.
Qd4 Kg7 52. b6 Kg8 53. Qd7 Qxb6+ {White forfeits on time} 0-1

[Event "ICC Open 2015"]
[Site "Internet Chess Club"]
[Date "2015.05.30"]
[Round "9"]
[White "MoonlightWizard"]
[Black "faust"]
[Result "1-0"]
[ICCResult "Black forfeits on time"]
[WhiteElo "2953"]
[BlackElo "3152"]
[Opening "Grünfeld: 5.Bg5"]
[ECO "D91"]
[NIC "GI.08"]
[Time "20:26:29"]
[TimeControl "180+0"]

1. d4 Nf6 2. c4 g6 3. Nc3 d5 4. Nf3 Bg7 5. Bg5 dxc4 6. Bh4 c5 7. e3 cxd4 8.
Nxd4 Qc7 9. Bg3 Qc5 10. Qa4+ Nbd7 11. Qxc4 O-O 12. Be2 a6 13. Qxc5 Nxc5 14.
O-O Nfe4 15. Nxe4 Nxe4 16. Rac1 e5 17. Nb3 Be6 18. Bf3 Nxg3 19. hxg3 a5 20.
Bxb7 Ra7 21. Bc6 Rb8 22. Rfd1 h5 23. Ba4 Rb4 24. Nc5 Bxa2 25. b3 Bf8 26. Rd8
Kg7 27. Nd3 Rb6 28. Nxe5 Be7 29. Rd7 Rxd7 30. Nxd7 Rb7 31. Nc5 Rc7 32. Ne6+
fxe6 33. Rxc7 Kf6 34. Rc6 Bb4 35. Rc1 h4 36. Ra1 Bxb3 37. Bxb3 hxg3 38. fxg3
Ke5 39. Kf2 g5 40. Rc1 Kf5 41. Rc6 e5 42. Ke2 Kg4 43. Kf2 Kf5 44. Bc2+ e4
45. Rc4 Kf6 46. Bxe4 Bd2 47. Bc2 Bb4 48. Ke2 Ke5 49. g4 Kd5 50. Re4 Bc5 51.
Ra4 Bb4 52. Kd3 Ke5 53. Bb3 Kd6 54. Ra2 Kc5 55. Rf2 Kd6 56. Rf5 a4 57. Bxa4
Ke6 58. Bb3+ Ke7 59. Rxg5 Bd6 60. Rf5 Be5 61. g5 Bg7 62. Ke4 Kd6 63. g6 Ba1
64. g4 Bd4 65. g5 Bc3 66. Rd5+ Kc6 67. Rd3 Kb6 68. Kf5 Bb2 69. Ke6 Ba1 70.
Kf7 Bg7 71. Kxg7 Ka5 72. Kf7 {Black forfeits on time} 1-0

[Event "ICC Open 2015"]
[Site "Internet Chess Club"]
[Date "2015.05.30"]
[Round "9"]
[White "Massarioli"]
[Black "Aladdin"]
[Result "0-1"]
[ICCResult "White resigns"]
[WhiteElo "2159"]
[BlackElo "2369"]
[Opening "Queen's pawn: English defense"]
[ECO "A40"]
[NIC "QO.17"]
[Time "20:26:29"]
[TimeControl "180+0"]

1. d4 b6 2. Nf3 Bb7 3. g3 g6 4. Bg2 Bg7 5. O-O d6 6. b3 Nd7 7. Bb2 Ngf6 8.
c4 Ne4 9. Nfd2 Ndf6 10. Nxe4 Bxe4 11. Nd2 Bxg2 12. Kxg2 d5 13. e3 O-O 14.
Rc1 c6 15. cxd5 cxd5 16. Qc2 Qd7 17. Qd3 Rfc8 18. Rxc8+ Rxc8 19. Rc1 e6 20.
Rc3 Bf8 21. Qc2 Rxc3 22. Qxc3 Ne8 23. Nf3 Bd6 24. Ne5 Bxe5 25. dxe5 Kg7 26.
Qd4 Nc7 27. Qf4 Qe7 28. h4 h5 29. Bc1 Ne8 30. e4 dxe4 31. Qh6+ Kg8 32. Bg5
Qf8 33. Kf1 Qxh6 34. Bxh6 f5 35. exf6 Nxf6 36. Ke2 Nd5 37. Bd2 Kf7 38. a4
Kf6 39. a5 Ke5 40. axb6 axb6 41. Be3 b5 42. Bc5 Kf6 43. Kd2 Kf5 44. Ke2 Kg4
45. Bd6 Kh3 46. Bc5 Kg2 47. Bd6 Kh1 48. Be5 Kg1 49. Bd6 Kg2 50. Be5 Kh3 51.
Bd6 Kg4 52. Be5 g5 53. hxg5 Kxg5 54. Bd6 Kf5 55. Bb8 Kf6 56. Bd6 Kf7 57. Bc5
Ke8 58. Bd4 Kd7 59. Be5 Kc6 60. Bd4 Kd6 61. Be3 Ke5 62. Bc5 Kf5 63. Be3 e5
64. Bc5 Ke6 65. Be3 Kd6 66. Bg5 Kc5 67. Be3+ Kb4 68. Bd2+ Kxb3 69. f3 exf3+
70. Kxf3 Kc2 71. Ba5 Kd3 72. Kf2 e4 73. Ke1 b4 74. Kf1 b3 75. Kg2 b2
{White resigns}
0-1

[Event "ICC Open 2015"]
[Site "Internet Chess Club"]
[Date "2015.05.30"]
[Round "9"]
[White "druskacik"]
[Black "a-rubinstein"]
[Result "1-0"]
[ICCResult "Black forfeits on time"]
[WhiteElo "2449"]
[BlackElo "2148"]
[Opening "Queen's bishop game"]
[ECO "D02"]
[NIC "QP.08"]
[Time "20:27:11"]
[TimeControl "180+0"]

1. d4 d5 2. Nf3 Nf6 3. Bf4 c6 4. c3 Nbd7 5. e3 e6 6. Bd3 Be7 7. Nbd2 O-O 8.
h3 Re8 9. O-O c5 10. Bh2 b6 11. Re1 Bb7 12. Rc1 Rc8 13. Qa4 a6 14. Bb1 g6
15. Ne5 Nxe5 16. Bxe5 Bd6 17. Nf3 Ne4 18. Bxd6 Nxd6 19. Bd3 Qc7 20. Ne5 f6
21. Ng4 Kg7 22. Qd1 c4 23. Bb1 Nf7 24. Qf3 f5 25. Nh2 e5 26. dxe5 Nxe5 27.
Qg3 Nd7 28. Qxc7 Rxc7 29. Rcd1 Nc5 30. Nf3 Rce7 31. Rd4 Kf6 32. Red1 b5 33.
Bc2 g5 34. h4 h6 35. g3 Ne6 36. R4d2 Nc5 37. Rxd5 Bxd5 38. Rxd5 Rc8 39.
Rxf5+ Kg7 40. hxg5 Nd3 41. gxh6+ Kxh6 42. Bxd3 cxd3 43. Rd5 b4 44. Rxd3 bxc3
45. bxc3 Rec7 46. Rd6+ Kg7 47. Rxa6 Rxc3 48. Ra4 R8c4 49. Ra7+ Rc7 50. Ra6
R7c6 51. Rxc6 Rxc6 52. Nd4 Ra6 53. Kg2 Rxa2 54. g4 Kg6 55. Kg3 Ra3 56. Nf5
Kg5 57. Nh4 Kf6 58. Kf3 Ra1 59. Kg3 Rg1+ 60. Ng2 Ra1 61. f4 Kg6 62. Nh4+
{Black forfeits on time}
1-0

[Event "ICC Open 2015"]
[Site "Internet Chess Club"]
[Date "2015.05.30"]
[Round "9"]
[White "wagnerbi"]
[Black "HematiteBrown"]
[Result "0-1"]
[ICCResult "White forfeits on time"]
[WhiteElo "1973"]
[BlackElo "2230"]
[Opening "Queen's pawn: Lundin (Kevitz-Mikenas) defense"]
[ECO "A40"]
[NIC "QO.17"]
[Time "20:26:33"]
[TimeControl "180+0"]

1. d4 Nc6 2. c4 e5 3. d5 Nce7 4. Nc3 d6 5. e4 Nf6 6. Bd3 Ng6 7. Nge2 Be7 8.
h3 O-O 9. Be3 h6 10. g4 c6 11. Qd2 a6 12. g5 hxg5 13. Bxg5 Nh5 14. h4 Bd7
15. O-O-O Bf6 16. Rdg1 b5 17. dxc6 Bxc6 18. Nd5 Bxd5 19. exd5 bxc4 20. Bc2
e4 21. Bxe4 Rb8 22. Nc3 Ne5 23. f4 Nd3+ 24. Bxd3 cxd3 25. Qxd3 Qb6 26. Rg2
Rfe8 27. Bxf6 Nxf6 28. Rhg1 Re3 29. Rxg7+ Kf8 30. Qc2 Rbe8 31. Nd1 R3e4 32.
Qc3 Qd4 33. Qxd4 Rxd4 34. f5 Rc8+ 35. Nc3 Rxd5 36. h5 Rxf5 37. h6 Rh5 38. h7
Rxh7 39. Rxh7 Nxh7 40. Kd2 Nf6 41. Rf1 Ke7 42. Re1+ Kd7 43. Rf1 Ke6 44. Re1+
Kf5 45. Rf1+ Kg6 46. Rg1+ Kh6 47. Rh1+ Nh5 48. Ne4 Kg6 49. Rg1+ Kh7
{White forfeits on time}
0-1

[Event "ICC Open 2015"]
[Site "Internet Chess Club"]
[Date "2015.05.30"]
[Round "9"]
[White "Osya"]
[Black "VoltesV"]
[Result "1/2-1/2"]
[ICCResult "Game drawn because neither player has mating material"]
[WhiteElo "1862"]
[BlackElo "1589"]
[Opening "Old Indian defense"]
[ECO "A42"]
[NIC "OI.07"]
[Time "20:26:31"]
[TimeControl "180+0"]

1. c4 d6 2. d4 Nc6 3. d5 Ne5 4. Nf3 Nxf3+ 5. exf3 c5 6. Bd3 g6 7. O-O Bg7 8.
Re1 Nh6 9. Qe2 Nf5 10. Bxf5 Bxf5 11. Nc3 a6 12. Bg5 f6 13. Bf4 Kf7 14. g4
Bd7 15. Ne4 h6 16. Bg3 f5 17. Nc3 Bf6 18. h3 h5 19. Kg2 hxg4 20. fxg4 Qf8
21. f4 fxg4 22. hxg4 Bh4 23. Rh1 Bxg3 24. Kxg3 Qg7 25. Ne4 Rxh1 26. Rxh1 Rh8
27. Ng5+ Ke8 28. Rh7 Rxh7 29. Nxh7 Qxh7 30. Qe4 Kf7 31. a3 Qg7 32. b4 Qb2
33. Kh4 Qh2+ 34. Kg5 Qh8 35. Qxg6+ Kf8 36. f5 Qf6+ 37. Qxf6+ exf6+ 38. Kxf6
Kg8 39. g5 b5 40. bxc5 bxc4 41. Ke7 dxc5 42. Kxd7 c3 43. Ke8 c2 44. d6 c1=Q
45. d7 Qxg5 46. d8=Q Qxd8+ 47. Kxd8 Kf7 48. Kc7 c4 49. Kc6 c3 50. Kb6 c2 51.
Kxa6 c1=Q 52. a4 Qa3 53. a5 Qxa5+ 54. Kxa5 Kf6 55. Kb5 Kxf5
{Game drawn because neither player has mating material}
1/2-1/2

[Event "ICC Open 2015"]
[Site "Internet Chess Club"]
[Date "2015.05.30"]
[Round "9"]
[White "SlowBlitz"]
[Black "awesome5123"]
[Result "0-1"]
[ICCResult "White forfeits on time"]
[WhiteElo "1264"]
[BlackElo "1542"]
[Opening "Dutch defense, Rubinstein variation"]
[ECO "A84"]
[NIC "HD.10"]
[Time "20:26:08"]
[TimeControl "180+0"]

1. d4 f5 2. c4 e6 3. Nc3 Nc6 4. Nf3 d5 5. Bf4 Nf6 6. e3 Bd6 7. c5 Bxf4 8.
exf4 b5 9. Bxb5 Bd7 10. O-O a6 11. Bxc6 Bxc6 12. Ne5 Bd7 13. Re1 Ne4 14. c6
Nxc3 15. bxc3 Bc8 16. Qh5+ Ke7 17. Qg5+ Ke8 18. Qxg7 Rf8 19. Qxh7 Qe7 20.
Qxe7+ Kxe7 21. Ng6+ Kf7 22. Nxf8 Kxf8 23. Re3 Rb8 24. Rh3 Ke7 25. Rh7+ Kd6
26. Rh8 Kxc6 27. h4 Kd7 28. h5 Rb6 29. h6 e5 30. fxe5 Rg6 31. h7 Rh6 32. g3
Bb7 33. Rb1 Bc6 34. Rbb8 Bb5 35. Rhd8+ Kc6 36. h8=Q Rxh8 37. Rxh8 Kd7 38.
Rh6 Ke7 39. Rg8 Be8 40. Rg7+ Bf7 41. Rhh7 Kd8 42. Rxf7 Kc8 43. Rh8+ Kb7 44.
Rhh7 Kb6 45. Rxc7 Kb5 46. Rb7+ Ka4 {White forfeits on time} 0-1

[Event "ICC Open 2015"]
[Site "Internet Chess Club"]
[Date "2015.05.30"]
[Round "9"]
[White "yaguaro"]
[Black "Hareaum"]
[Result "1-0"]
[ICCResult "Black checkmated"]
[WhiteElo "1962"]
[BlackElo "1788"]
[Opening "Scandinavian defense"]
[ECO "B01"]
[NIC "SD.03"]
[Time "20:26:52"]
[TimeControl "180+0"]

1. e4 d5 2. exd5 Nf6 3. Nf3 Nxd5 4. Be2 c6 5. d4 Bg4 6. c3 e6 7. h3 Bh5 8.
O-O Bd6 9. Nbd2 O-O 10. Ne4 Bc7 11. Nc5 b6 12. Nd3 Nd7 13. Nfe5 Bxe2 14.
Qxe2 Nxe5 15. Nxe5 Bxe5 16. Qxe5 Qf6 17. Qh5 g6 18. Qh6 Qg7 19. Qh4 Qf6 20.
Bg5 Qg7 21. Bh6 Qf6 22. Qxf6 Nxf6 23. Bxf8 Kxf8 24. Rfe1 Nd5 25. g3 Rc8 26.
Rad1 c5 27. dxc5 Rxc5 28. Re5 Ke7 29. f4 f6 30. Re2 Kf7 31. Kf2 b5 32. Rd4
Nb6 33. Rd8 Rc7 34. Rb8 Re7 35. Rd2 Nc4 36. Re2 a6 37. Ra8 a5 38. Rb8 Nd6
39. Kf1 e5 40. fxe5 fxe5 41. Rd2 Ke6 42. Rb6 Rd7 43. Ke2 Ke7 44. Rd5 Ke6 45.
Rdxb5 Kf5 46. Rd5 Ke6 47. Rd2 Ke7 48. Ra6 h5 49. b3 a4 50. Rxa4 Rc7 51. c4
Nf5 52. g4 Nd4+ 53. Rxd4 exd4 54. Kd3 Rd7 55. c5 hxg4 56. hxg4 Ke6 57. Rxd4
Ra7 58. a4 Rb7 59. b4 Rf7 60. c6 Rf3+ 61. Kc4 Rf2 62. b5 Rc2+ 63. Kb4 Rb2+
64. Ka5 Rc2 65. Kb6 Ke5 66. Rd8 Rb2 67. c7 Kf4 68. c8=Q Kg5 69. Qc5+ Kxg4
70. Rd4+ Kf3 71. Qc3+ Ke2 72. Qxb2+ Ke3 73. Qc3+ Ke2 74. Rd2+ Ke1 75. Qc1#
{Black checkmated}
1-0

[Event "ICC Open 2015"]
[Site "Internet Chess Club"]
[Date "2015.05.30"]
[Round "9"]
[White "El-Flippo"]
[Black "holderlin"]
[Result "0-1"]
[ICCResult "White checkmated"]
[WhiteElo "1444"]
[BlackElo "1737"]
[Opening "Sicilian: Pelikan (Lasker/Sveshnikov) variation"]
[ECO "B33"]
[NIC "SI.35"]
[Time "20:26:57"]
[TimeControl "180+0"]

1. e4 c5 2. Nf3 Nc6 3. d4 cxd4 4. Nxd4 Nf6 5. Nc3 e5 6. Nf3 Bb4 7. Bd3 d5 8.
O-O Bxc3 9. bxc3 dxe4 10. Re1 exd3 11. Nxe5 Nxe5 12. Rxe5+ Be6 13. cxd3 O-O
14. Ba3 Re8 15. d4 Qc7 16. Qe1 Ng4 17. Rh5 Bf5 18. Qd2 Bg6 19. Rh4 Nf6 20.
Rb1 Ne4 21. Qb2 Nxc3 22. Rc1 Ne2+ 23. Qxe2 Rxe2 24. Bc5 Rae8 25. g3 Be4 26.
Rxe4 R8xe4 27. Kg2 Qc6 28. Kh3 g5 29. Rf1 Qh6+ 30. Kg2 g4 31. d5 Qh3+ 32.
Kg1 Re1 33. Be3 Qxf1# {White checkmated} 0-1

[Event "ICC Open 2015"]
[Site "Internet Chess Club"]
[Date "2015.05.30"]
[Round "9"]
[White "ural"]
[Black "paulleon"]
[Result "1-0"]
[ICCResult "Black checkmated"]
[WhiteElo "2369"]
[BlackElo "2092"]
[Opening "French: Chigorin variation"]
[ECO "C00"]
[NIC "FR.01"]
[Time "20:26:46"]
[TimeControl "180+0"]

1. e4 e6 2. Qe2 Be7 3. d4 d5 4. e5 c5 5. Qg4 Kf8 6. dxc5 Bxc5 7. Nf3 Nc6 8.
Nc3 Nge7 9. Bd3 Ng6 10. Bxg6 hxg6 11. Be3 Bxe3 12. fxe3 Qb6 13. O-O-O Qxe3+
14. Kb1 Nxe5 15. Qb4+ Kg8 16. Rhe1 Nc6 17. Qd6 Qb6 18. Ng5 Qd8 19. Qxd8+
Nxd8 20. Nxd5 f6 21. Nxf6+ gxf6 22. Rxd8+ Kg7 23. Rxh8 Kxh8 24. Nxe6 Bxe6
25. Rxe6 Rd8 26. Kc1 Rd7 27. Rxf6 Kg7 28. Rf3 Re7 29. Kd2 Rd7+ 30. Rd3 Rf7
31. Ke2 Re7+ 32. Re3 Rc7 33. c3 Kf6 34. h3 Kf5 35. a4 Kf4 36. Rf3+ Ke4 37.
Rf6 g5 38. Re6+ Kf4 39. Kf2 Kf5 40. Rd6 Rc4 41. Rd4 Rc7 42. g4+ Ke5 43. Ke2
Rh7 44. Rd3 Ke4 45. Re3+ Kf4 46. Kd2 Rd7+ 47. Rd3 Rh7 48. b4 Ke4 49. Re3+
Kf4 50. a5 Rd7+ 51. Rd3 Rh7 52. Kc2 Ke4 53. b5 Rf7 54. Rd4+ Kf3 55. Kb3 Kg3
56. Rd3+ Rf3 57. Rxf3+ Kxf3 58. c4 Kg3 59. c5 Kxh3 60. c6 bxc6 61. bxc6 Kxg4
62. c7 Kh3 63. c8=Q+ g4 64. Qh8+ Kg3 65. Qg7 Kf2 66. Qxa7+ Kg3 67. Qg7 Kh2
68. a6 g3 69. a7 g2 70. a8=Q g1=Q 71. Qh6+ Kg3 72. Qg5+ Kf2 73. Qa7+ Kf1 74.
Qaxg1+ Ke2 75. Q5g4+ Kd3 76. Q1d1+ Ke3 77. Qgd4# {Black checkmated} 1-0

[Event "ICC Open 2015"]
[Site "Internet Chess Club"]
[Date "2015.05.30"]
[Round "9"]
[White "Moritex"]
[Black "Immortal-Man"]
[Result "0-1"]
[ICCResult "White forfeits on time"]
[WhiteElo "1737"]
[BlackElo "1548"]
[Opening "French: advance, Nimzovich variation"]
[ECO "C02"]
[NIC "FR.03"]
[Time "20:26:52"]
[TimeControl "180+0"]

1. e4 e6 2. d4 d5 3. e5 c5 4. Qg4 Ne7 5. Nf3 Nf5 6. Bd3 Nc6 7. c3 cxd4 8.
cxd4 Bd7 9. O-O Qb6 10. Bxf5 exf5 11. Qf4 Be6 12. Nc3 Be7 13. b3 O-O 14. Bb2
Rac8 15. Rac1 Qa5 16. a3 a6 17. h4 h6 18. b4 Qd8 19. Na4 Na7 20. Nc5 Bxc5
21. bxc5 Nc6 22. h5 b6 23. Nh4 Qg5 24. Qxg5 hxg5 25. Nf3 b5 26. Nxg5 Rb8 27.
Bc3 a5 28. Rb1 b4 29. axb4 axb4 30. Bb2 Ra8 31. Ra1 Rfb8 32. f4 b3 33. Nf3
Nb4 34. Rfd1 Nc2 35. Rxa8 Rxa8 36. Kf2 Ra2 37. Rb1 Na3 38. Ra1 Rxa1 39. Bxa1
Nc4 40. Ke2 b2 41. Bxb2 Nxb2 42. Kd2 Nc4+ 43. Kd3 Kf8 44. Ng5 Ke7 45. Nf3 f6
46. g3 fxe5 47. fxe5 Kf7 48. Nh4 Bd7 49. Nf3 Bb5 50. Ng5+ Ke7 51. Kc3 Na5
{White forfeits on time}
0-1

[Event "ICC Open 2015"]
[Site "Internet Chess Club"]
[Date "2015.05.30"]
[Round "9"]
[White "Poporovitch"]
[Black "Schack"]
[Result "0-1"]
[ICCResult "White forfeits on time"]
[WhiteElo "1958"]
[BlackElo "1671"]
[Opening "French: King's Indian attack"]
[ECO "C00"]
[NIC "FR.02"]
[Time "20:26:59"]
[TimeControl "180+0"]

1. e4 e6 2. d3 d5 3. Nd2 Bc5 4. Ngf3 Nf6 5. e5 Ng4 6. d4 Bb6 7. c3 O-O 8.
Bd3 Nh6 9. O-O c5 10. Re1 cxd4 11. cxd4 Nc6 12. Bb1 Nxd4 13. Nxd4 Bxd4 14.
Nf3 Bb6 15. Bxh6 gxh6 16. Qd3 f5 17. exf6 Rf7 18. Ne5 Qxf6 19. Kh1 Rg7 20.
Nf3 Bd7 21. Bc2 Rc8 22. Rac1 Rf8 23. b3 Bxf2 24. Rf1 Bb6 25. Qe2 Qf4 26. Ne5
Qg5 27. Rxf8+ Kxf8 28. Nxd7+ Rxd7 29. Rf1+ Ke7 30. Bxh7 Kd6 31. Bg8 e5 32.
Qb5 e4 33. Qb4+ Kc7 34. Qc3+ Kd6 35. Qb4+ Kc7 36. Qc3+ Kd6 37. Qb4+ Bc5 38.
Qb5 b6 39. Qa6 e3 {White forfeits on time} 0-1

[Event "ICC Open 2015"]
[Site "Internet Chess Club"]
[Date "2015.05.30"]
[Round "9"]
[White "MarzipanCat"]
[Black "Parsifal"]
[Result "0-1"]
[ICCResult "White resigns"]
[WhiteElo "2219"]
[BlackElo "2420"]
[Opening "Nimzo-Indian: 4.e3 c5, 5.Ne2 (Rubinstein, anti-Hübner system)"]
[ECO "E42"]
[NIC "NI.16"]
[Time "20:27:02"]
[TimeControl "180+0"]

1. d4 Nf6 2. c4 e6 3. Nc3 Bb4 4. e3 c5 5. Ne2 d5 6. cxd5 exd5 7. a3 Bxc3+ 8.
Nxc3 b6 9. Be2 O-O 10. O-O Re8 11. b4 cxd4 12. Qxd4 Nc6 13. Qd2 d4 14. Bb5
dxc3 15. Qxc3 Ne5 16. Bxe8 Qxe8 17. Bb2 Ng6 18. Rfd1 Bb7 19. Qc7 Qe4 20. f3
Qxe3+ 21. Kh1 Bxf3 22. Rd8+ Ne8 23. gxf3 Qxf3+ 24. Kg1 Nh4 25. Qg3 Qxg3+ 26.
hxg3 Rxd8 27. gxh4 f6 28. Re1 Kf7 29. Kf2 Rd7 30. Re2 Nc7 31. Kg3 Ne6 32.
Rc2 h5 33. a4 Rd3+ 34. Kf2 Nf4 35. a5 bxa5 36. bxa5 Rd7 37. a6 Nd3+ 38. Ke3
Nb4 39. Rd2 Rxd2 40. Kxd2 Nxa6 41. Bd4 Nc7 42. Bxa7 Nd5 43. Ke2 Ke6 44. Kf3
Kf5 45. Bf2 g5 46. hxg5 fxg5 47. Kg2 h4 48. Kh3 Nf4+ 49. Kh2 Kg4 50. Be1 Kh5
51. Bf2 g4 52. Kh1 Ne2 53. Be1 g3 54. Kg2 Kg4 55. Kh1 h3 56. Bf2 gxf2 57.
Kh2 Kf3 58. Kxh3 f1=Q+ {White resigns} 0-1

[Event "ICC Open 2015"]
[Site "Internet Chess Club"]
[Date "2015.05.30"]
[Round "9"]
[White "Willy809"]
[Black "guibiazotto"]
[Result "1-0"]
[ICCResult "Black resigns"]
[WhiteElo "1705"]
[BlackElo "1630"]
[Opening "King's Indian: Sämisch, 5...O-O"]
[ECO "E81"]
[NIC "KI.48"]
[Time "20:29:13"]
[TimeControl "180+0"]

1. d4 Nf6 2. c4 g6 3. Nc3 Bg7 4. e4 d6 5. f3 O-O 6. Be3 Nbd7 7. g4 e5 8. h4
exd4 9. Bxd4 c5 10. Be3 Nb6 11. h5 Re8 12. Qd2 Bd7 13. hxg6 fxg6 14. O-O-O
Re6 15. Nh3 Be8 16. Ng5 Re7 17. Qxd6 Qxd6 18. Rxd6 Bf7 19. b3 Nc8 20. Nxf7
Kxf7 21. Rd8 Re8 22. Rxe8 Kxe8 23. Bxc5 b6 24. Bd4 Kf7 25. e5 Nd7 26. Rxh7
Kg8 27. Rxg7+ Kxg7 28. e6+ Nf6 29. g5 Kf8 30. Bxf6 Nd6 31. Nd5 Rc8 32. Bh3
Rc5 33. Be7+ Kg7 34. Bxd6 Ra5 35. Kb2 {Black resigns} 1-0

[Event "ICC Open 2015"]
[Site "Internet Chess Club"]
[Date "2015.05.30"]
[Round "9"]
[White "marcocoimbra"]
[Black "dadgumit"]
[Result "1/2-1/2"]
[ICCResult "White ran out of time and Black has no material to mate"]
[WhiteElo "1433"]
[BlackElo "1222"]
[Opening "Bird: From gambit"]
[ECO "A02"]
[NIC "VO.07"]
[Time "20:26:42"]
[TimeControl "180+0"]

1. f4 e5 2. fxe5 d6 3. Nf3 Nc6 4. e4 Bg4 5. Bb5 f5 6. exf6 Nxf6 7. d3 Be7 8.
O-O O-O 9. Bxc6 bxc6 10. Be3 Nh5 11. Nbd2 Bg5 12. Bxg5 Bxf3 13. Rxf3 Qxg5
14. Nb3 Nf4 15. Qf1 Rae8 16. Qf2 d5 17. Re1 Nh3+ 18. Rxh3 Rxf2 19. Rg3 Rxg2+
20. Rxg2 Qh4 21. e5 Rf8 22. Ree2 Qh5 23. e6 Re8 24. e7 Rxe7 25. Rxe7 Qd1+
26. Kf2 Qxc2+ 27. Kg3 Qxd3+ 28. Kf2 Qg6 29. Rxg6 hxg6 30. Nc5 Kf8 31. Rxc7
Ke8 32. Rxc6 Kd8 33. Rxg6 Ke8 34. Rxg7 Kf8 35. Rxa7 Ke8 36. Rd7 Kf8 37. Rxd5
Ke8 38. b4 Kf8 39. b5 Ke8 40. b6 Ke7 41. b7 Kf6
{White ran out of time and Black has no material to mate}
1/2-1/2

[Event "ICC Open 2015"]
[Site "Internet Chess Club"]
[Date "2015.05.30"]
[Round "9"]
[White "fviana"]
[Black "haimw"]
[Result "1-0"]
[ICCResult "Black forfeits on time"]
[WhiteElo "2352"]
[BlackElo "1897"]
[Opening "King's Indian: Sämisch, orthodox variation"]
[ECO "E85"]
[NIC "KI.43"]
[Time "20:27:18"]
[TimeControl "180+0"]

1. c4 Nf6 2. Nc3 g6 3. d4 d6 4. f3 Bg7 5. e4 O-O 6. Be3 e5 7. Nge2 Nc6 8.
Qd2 Nd7 9. h4 h5 10. O-O-O a6 11. Kb1 Rb8 12. d5 Ne7 13. Rg1 b5 14. Nc1 bxc4
15. Bxc4 f5 16. Bg5 Nc5 17. Nd3 Nxd3 18. Bxd3 f4 19. g3 fxg3 20. Rxg3 Qe8
21. Rdg1 Bf6 22. Nd1 Kh7 23. Qg2 Qf7 24. Be2 Bxg5 25. Rxg5 Rb6 26. Ne3 Bd7
27. b3 a5 28. f4 exf4 29. Bxh5 fxe3 30. Rxg6 {Black forfeits on time} 1-0

[Event "ICC Open 2015"]
[Site "Internet Chess Club"]
[Date "2015.05.30"]
[Round "9"]
[White "Bacunamatata"]
[Black "BlackHorse96"]
[Result "0-1"]
[ICCResult "White forfeits on time"]
[WhiteElo "2883"]
[BlackElo "3236"]
[Opening "Alekhine's defense: modern, Larsen variation"]
[ECO "B04"]
[NIC "AL.05"]
[Time "20:26:46"]
[TimeControl "180+0"]

1. e4 Nf6 2. e5 Nd5 3. d4 d6 4. Nf3 dxe5 5. Nxe5 c6 6. Be2 Bf5 7. O-O Nd7 8.
Nf3 e6 9. c4 N5f6 10. Nc3 Bd6 11. Nh4 Bg6 12. g3 O-O 13. Nxg6 hxg6 14. Be3
Re8 15. Qb3 Qc7 16. Rac1 Rad8 17. Rfd1 b6 18. Bf3 e5 19. d5 e4 20. Bg2 Nc5
21. Qc2 Nd3 22. Rxd3 exd3 23. Qxd3 Be5 24. Rd1 Qe7 25. h3 cxd5 26. cxd5 Bxg3
27. Bxb6 axb6 28. fxg3 Qc5+ 29. Kh2 Re3 30. Qd4 Qxd4 31. Rxd4 Ne8 32. Rb4
Rb8 33. Nb5 Rd3 34. Nd4 Nf6 35. Nc6 Re8 36. Rd4 Rxd4 37. Nxd4 Re1 38. Nc6
Kf8 39. a4 Rb1 40. b4 Ne8 41. a5 bxa5 42. bxa5 Ra1 43. Bf3 Nd6 44. Kg2 Ra2+
45. Kf1 Nc4 46. d6 Nxd6 47. Be2 Ne4 48. Bd3 Nc5 49. Bc4 Ra4 50. Bb5 Ra1+ 51.
Ke2 Ra3 52. g4 g5 53. Bc4 f6 54. Kd2 Ke8 55. Kc2 Kd7 56. Kb2 Rxh3 57. Nd4
Rh8 58. Kc3 Kd6 59. Kb4 Rb8+ 60. Bb5 Na6+ 61. Kc4 Nc7 62. Bc6 Na6 63. Bb5
Rc8+ 64. Kb3 Nc5+ 65. Kb4 Rb8 66. Nf5+ Kd5 67. Ne7+ Kd6 68. Nf5+ Kd5 69.
Ne7+ Ke6 70. Nc6 Na6+ 71. Kc4 Rc8 72. Kd4 Nc7 73. Bc4+ Kd6 74. Nb4 Rd8 75.
a6 Ra8 76. Kc3 Nxa6 77. Kd4 Nxb4 78. Ke4 Nc6 79. Kf5 g6+ 80. Kxf6 Ne5 81.
Kxg5 Nxg4 82. Bd5 Kxd5 83. Kxg6 Ra6+ 84. Kg5 Ra5 85. Kf4 Ra4+ 86. Kf5 Ra3
87. Kg5 Kc4 88. Kxg4 Kc3 89. Kf5 Ra4 90. Kf6 Ra5 91. Ke6 Ra4 92. Ke7 Rb4 93.
Kd8 Rb3 94. Kc7 Rb5 95. Kd7 Rc5 96. Ke8 Rc4 97. Kf7 Kb4 98. Kg7 Rc5 99. Kg8
Kb5 100. Kh8 Rc6 {White forfeits on time} 0-1

[Event "ICC Open 2015"]
[Site "Internet Chess Club"]
[Date "2015.05.30"]
[Round "9"]
[White "JCarllsen"]
[Black "Mormegil"]
[Result "1-0"]
[ICCResult "Black forfeits on time"]
[WhiteElo "1894"]
[BlackElo "1701"]
[Opening "Giuoco Piano"]
[ECO "C54"]
[NIC "IG.02"]
[Time "20:26:51"]
[TimeControl "180+0"]

1. e4 e5 2. Nf3 Nc6 3. Bc4 Bc5 4. c3 Nf6 5. d3 a6 6. Bb3 O-O 7. Nbd2 d6 8.
O-O Bg4 9. Re1 Ne7 10. Nf1 Ng6 11. h3 Be6 12. d4 Bxb3 13. axb3 exd4 14. cxd4
Bb4 15. Bd2 Bxd2 16. Qxd2 Qd7 17. Ng3 Rfe8 18. Rac1 Rac8 19. Qb4 b6 20. Qc3
Qb5 21. Ra1 a5 22. Nf5 Nf4 23. Ng3 Ng6 24. Rac1 Qd7 25. b4 a4 26. Ra1 b5 27.
d5 Ne5 28. Nd4 Nc4 29. Ngf5 Nxe4 30. Qf3 Ncd2 31. Qg4 g6 32. Nh6+ Kg7 33.
Qxd7 Kxh6 34. Nf3 Nxf3+ 35. gxf3 Nf6 36. Qxb5 Re5 37. Rxe5 dxe5 38. Qxa4 Rd8
39. Qc6 Rd6 40. Qxc7 Rxd5 41. Rc1 Kg7 42. Rc6 Rd1+ 43. Kg2 Nh5 44. Qxe5+ Kh6
45. Qe3+ Kg7 46. Rc5 Rd7 47. Rxh5 gxh5 48. Qg5+ Kf8 49. Qxh5 Re7 50. Qxh7
Ke8 51. Qh8+ Kd7 52. Qd4+ Kc7 53. Qc5+ Kd7 54. b5 Re6 55. b4 f6 56. b6 Re5
57. Qc7+ Ke6 58. Qxe5+ fxe5 59. b7 Kf5 60. b8=Q Kf6 61. Qxe5+ Kxe5 62. b5
Kd6 63. h4 Kc5 64. h5 Kxb5 65. h6 Kc4 66. h7 Kd5 67. h8=Q Kc5 68. Qe8 Kd6
69. f4 Kd5 70. f5 Kd4 71. f6 Kd5 72. f7 Kc5 73. f8=Q+ Kd4 74. Qff7 Kc3 75.
Qfd7 Kb2 76. Qb8+ Ka3 77. Qa8+ Kb4 78. Qb8+ Kc4 79. Qdc7+ Kd3 80. Qe8 Kd4
81. Qcd7+ {Black forfeits on time} 1-0

[Event "ICC Open 2015"]
[Site "Internet Chess Club"]
[Date "2015.05.30"]
[Round "9"]
[White "LastKeks"]
[Black "Garpun"]
[Result "1-0"]
[ICCResult "Black forfeits on time"]
[WhiteElo "3077"]
[BlackElo "2748"]
[Opening "Scandinavian: Pytel-Wade variation"]
[ECO "B01"]
[NIC "SD.02"]
[Time "20:26:55"]
[TimeControl "180+0"]

1. e4 d5 2. exd5 Qxd5 3. Nc3 Qd6 4. d4 Nf6 5. g3 Bg4 6. Be2 Bxe2 7. Qxe2 Nc6
8. Nf3 O-O-O 9. O-O Nxd4 10. Nxd4 Qxd4 11. Rd1 Qg4 12. Rxd8+ Kxd8 13. f3 Qf5
14. Bf4 e6 15. Rd1+ Kc8 16. Kg2 Bc5 17. Be5 Rd8 18. Rxd8+ Kxd8 19. Nb5 Nd5
20. Nd4 Bxd4 21. Bxd4 c5 22. Bxc5 Nf4+ 23. gxf4 Qxc5 24. Qd3+ Qd5 25. Qxd5+
exd5 26. Kf2 Kd7 27. Ke3 Ke6 28. Kd4 h5 29. a4 a5 30. c3 Kf5 31. Ke3 h4 32.
h3 b6 33. b3 g6 34. b4 f6 35. bxa5 bxa5 36. Kd4 Kxf4 37. Kxd5 Kxf3 38. c4 g5
39. c5 g4 40. c6 gxh3 41. c7 h2 42. c8=Q h1=Q 43. Qa6 Kg3+ 44. Ke6 Qf3 45.
Qxa5 Qg4+ 46. Ke7 h3 47. Qc7+ Qf4 48. Qc3+ Qf3 49. Qe1+ Kg2 50. Qd2+ Qf2 51.
Qd5+ Qf3 52. Qd2+ Qf2 53. Qxf2+ Kxf2 54. a5 Kf1 55. a6 h2 56. Kf7 h1=Q 57.
a7 Qa8 58. Kxf6 {Black forfeits on time} 1-0